 Dungeon Crawl Stone Soup version 0.32-a0-86-g8db1b9f803 (webtiles) character file.

Game seed: 4001271713804637267

589 pokeman the Thaumaturge (level 7, 0/38 HPs)
             Began as a Deep Elf Hedge Wizard on Feb 5, 2024.
             Succumbed to a scorpion's poison
             ... on level 5 of the Dungeon.
             The game lasted 00:07:10 (4598 turns).

pokeman the Thaumaturge (Deep Elf Hedge Wizard)     Turns: 4598, Time: 00:07:11

Health: 0/38       AC:  3    Str:  7    XL:     7   Next: 15%
Magic:  0/21       EV: 13    Int: 21    God:
Gold:   197        SH:  0    Dex: 14    Spells: 15/23 levels left

rFire   . . .        i - +2 dagger (vamp)
rCold   + + .        (no shield)
rNeg    . . .        b - +0 robe
rPois   .            c - +0 hat
rElec   .            n - +0 cloak
rCorr   .            (no gloves)
SInv    .            (no boots)
Will    .....        (no amulet)
Stlth   ++           a - ring of protection from cold
HPRegen 0.26/turn    t - ring of protection from cold
MPRegen 0.17/turn

%: no passive effects
@: lethally poisoned (0 -> -12), on blink cooldown, invisible
A: no striking features
a: no special abilities


You were on level 5 of the Dungeon.
You visited 1 branch of the dungeon, and saw 5 of its levels.

You collected 197 gold pieces.

Inventory:

Hand Weapons
 i - a +2 vampiric dagger (weapon)
 m - a +3 quarterstaff of chaos
Armour
 b - a +0 robe (worn)
 c - a +0 hat (worn)
 n - a +0 cloak (worn)
Magical Staves
 q - a staff of air
Jewellery
 a - a ring of protection from cold (left hand)
 t - a ring of protection from cold (right hand)
Scrolls
 e - 4 scrolls of teleportation {unknown}
 g - a scroll of brand weapon {unknown}
 h - a scroll of vulnerability {unknown}
 j - 2 scrolls of identify {unknown}
 l - a scroll of poison {unknown}
 p - a scroll of revelation {unknown}
 r - a scroll of amnesia {unknown}
 u - a scroll of fear {unknown}
Potions
 d - a potion of magic
 k - 2 potions of enlightenment {unknown}
 o - 2 potions of curing {unknown}
 s - 2 potions of brilliance {unknown}


   Skills:
 + Level 1.4 Fighting
 - Level 1.0 Armour
 - Level 3.0 Dodging
 - Level 3.0 Stealth
 * Level 8.7 Spellcasting
 + Level 3.2 Conjurations
 + Level 1.6 Summonings
 - Level 1.1 Translocations
 - Level 1.0 Air Magic
 - Level 1.0 Alchemy
 - Level 1.0 Evocations


You had 15 spell levels left.
You knew the following spells:

 Your Spells              Type           Power      Damage    Failure   Level
a - Magic Dart            Conj           88%        1d7       1%          1
b - Mephitic Cloud        Conj/Alch/Air  16%        N/A       11%         3
c - Call Imp              Summ           32%        N/A       6%          2
d - Blink                 Tloc           26%        N/A       7%          2

Your spell library contained the following spells:

 Spells                   Type           Power      Damage    Failure   Level
 Slow                     Hex            36%        N/A       8%          1
 Cigotuvi's Dreadful Rot  Necr/Alch/Air  24%        N/A       9%          2
 Sublimation of Blood     Necr           9%         N/A       11%         2
 Summon Hydra             Summ           8%         N/A       100%        7


Dungeon Overview and Level Annotations

Branches:
Dungeon (5/15)
 Temple: D:4-7

Altars:
Okawaru
Trog


Message History

You kill the black bear!
You have reached level 7!
You barely miss the scorpion.
Casting: Magic Dart (safe; 1% risk of failure)
Confirm with . or Enter, or press ? or * to list all spells.
A tiny devil pulls itself out of the air.
You hit the scorpion but do no damage.
Your cerulean imp hits the scorpion from afar with a -3 spear.
Unknown command.
Found a potion of magic.
The scorpion stings you.
You are poisoned.
The scorpion poisons you!
Your cerulean imp hits the scorpion but does no damage.
The scorpion completely misses you.
Unknown command.
You hit the scorpion but do no damage. You punch the scorpion.
The scorpion is lightly wounded.
You feel very sick.
The scorpion seems less confused.
The scorpion barely misses you.
Your cerulean imp hits the scorpion from afar with a -3 spear.
Casting: Call Imp (safe; 6% risk of failure)
Confirm with . or Enter, or press ? or * to list all spells.
Aiming: Mephitic Cloud (dangerous; 11% risk of failure)
Press: ? - help, Shift-Dir - straight line, f - scorpion
Aim: a scorpion (moderately wounded, ally target, chance to affect: 81%)
The ball explodes into a vile cloud!
You feel sick. The scorpion stings you.
* * * LOW HITPOINT WARNING * * *
You are lethally poisoned!
The scorpion poisons you!
Your cerulean imp hits the scorpion but does no damage.
Unknown command.
Casting: Mephitic Cloud (dangerous; 11% risk of failure)
Confirm with . or Enter, or press ? or * to list all spells.
You blink.
* * * LOW HITPOINT WARNING * * *
You feel very sick.
Unknown command.
It was a potion of invisibility.
You fade into invisibility!
You die...

### ###..###
#!...☼.### ####
#§§○@..# #....
##○....###.....
##.............
##.s..s.........
#......§.=†.....
#.....5..$......
#...#....)......
#...##...)....#.
.......^<#....#


You could see 2 scorpions and a friendly cerulean imp (summoned).

Vanquished Creatures
  Sigmund (D:3)
  A black bear (D:5)
  A bombardier beetle (D:3)
  2 hounds (D:4)
  Crazy Yiuf (D:2)
  An orc wizard (D:4)
  4 gnolls (D:4)
  4 adders
  16 orcs
  8 ball pythons
  2 endoplasms
  6 giant cockroaches
  5 goblins
  3 hobgoblins
  3 jackals (D:1)
  5 kobolds
  3 quokkas
  6 bats
  4 frilled lizards
  8 rats
84 creatures vanquished.

Vanquished Creatures (collateral kills)
  A hound (D:5)
1 creature vanquished.

Vanquished Creatures (others)
  An arcanist (D:4)
1 creature vanquished.

Grand Total: 86 creatures vanquished

Notes
Turn   | Place    | Note
-------+----------+-------------------------------------------
     0 | D:1      | pokeman the Deep Elf Hedge Wizard began the quest for the
                  | Orb.
     0 | D:1      | Reached XP level 1. HP: 10/10 MP: 7/7
   201 | D:1      | Reached XP level 2. HP: 15/15 MP: 3/9
   785 | D:1      | Reached skill level 5 in Spellcasting
   810 | D:1      | Reached XP level 3. HP: 13/20 MP: 8/11
   814 | D:1      | Learned a level 3 spell: Mephitic Cloud
   817 | D:1      | Learned a level 2 spell: Call Imp
   820 | D:1      | Learned a level 2 spell: Blink
  1630 | D:2      | Reached skill level 1 in Armour
  1720 | D:2      | Reached skill level 1 in Fighting
  1776 | D:2      | Reached XP level 4. HP: 14/25 MP: 4/13
  1860 | D:2      | Found a runed translucent door.
  1861 | D:2      | Noticed Crazy Yiuf
  1872 | D:2      | Killed Crazy Yiuf
  2183 | D:3      | Noticed Sigmund
  2200 | D:3      | Killed Sigmund
  2201 | D:3      | Reached skill level 7 in Spellcasting
  2201 | D:3      | Reached XP level 5. HP: 29/29 MP: 11/17
  2320 | D:3      | Reached skill level 8 in Spellcasting
  2320 | D:3      | Reached XP level 6. HP: 31/34 MP: 6/19
  2738 | D:3      | Found a faded altar of an unknown god.
  4266 | D:4      | Found an iron altar of Okawaru.
  4426 | D:4      | Reached skill level 1 in Alchemy
  4429 | D:4      | Reached skill level 1 in Air Magic
  4436 | D:4      | Reached skill level 1 in Evocations
  4508 | D:4      | Found a bloodstained altar of Trog.
  4510 | D:4      | Noticed a wizard
  4514 | D:4      | Killed a wizard
  4569 | D:5      | Entered Level 5 of the Dungeon
  4591 | D:5      | Reached XP level 7. HP: 20/38 MP: 6/21
  4598 | D:5      | Succumbed to a scorpion's poison

Illustrated notes

Levels and vault maps discovered:
D:1:      dpeg_arrival_short_road, layout_loops_ring, st_stairs_7
D:2:      layout_basic, uniq_crazy_yiuf_cottage
D:3:      minmay_skewed_foursquare, layout_basic,
          chequers_ecumenical_altar_simple_redux, hex_large, uniq_sigmund
D:4:      layout_layer_cave, old_standard_altar, trog_wizard, hex_tiny
D:5:      layout_cave_pools, gammafunk_ghost_gnarly_gnolls,
          guppyfry_early_lair_pool

Skill      XL: |  1  2  3  4  5  6 |
---------------+-------------------+-----
Spellcasting   | 5 7 8 |  8.7
Armour         | 1 |  1.0
Conjurations   | 2 3 |  3.2
Fighting       | 1 |  1.4
Stealth        | 3 |  3.0
Dodging        | 3 |  3.0
Alchemy        | 1 |  1.0
Air Magic      | 1 |  1.0
Evocations     | 1 |  1.0
Summonings     | |  1.6
Translocations | |  1.1

Action                     |  1- 3 |  4- 6 |  7- 9 || total
---------------------------+-------+-------+-------++-------
  Melee: Dagger            |    24 |    37 |     3 ||    64
         Punch             |       |     2 |     1 ||     3
   Cast: Magic Dart        |    83 |   118 |       ||   201
         Mephitic Cloud    |       |     8 |     1 ||     9
         Blink             |       |       |     1 ||     1
         Call Imp          |       |       |     1 ||     1
    Use: Potion            |       |       |     1 ||     1
   Stab: Sleeping          |     1 |       |       ||     1
         Confused          |       |     4 |       ||     4
 Armour: Robe              |    17 |    38 |     2 ||    57
  Dodge: Dodged            |    34 |    46 |     2 ||    82

Table legend: (Time is in decaauts)
 A = Elapsed time spent in this place.
 B = Non-inter-level travel time spent in this place.
 C = Inter-level travel time spent in this place.
 D = Time resting spent in this place.
 E = Time spent auto-exploring this place.
 F = Levels seen in this place.
 G = Mean time per level.
                   A        B        C        D        E       F      G
               +--------+--------+--------+--------+--------+-----+--------+
         Total |   4595 |   4461 |    134 |      4 |   3992 |   5 |  919.0 |
       Dungeon |   4595 |   4461 |    134 |      4 |   3992 |   5 |  919.0 |
               +--------+--------+--------+--------+--------+-----+--------+

Top non-repeatable levels by time:
     D:4: 1458 daAuts
     D:2: 1080 daAuts
     D:1: 1027 daAuts
     D:3: 1000 daAuts
     D:5: 28 daAuts
